 Dungeon Crawl Stone Soup version 0.18.1-48-g4cf74bf (webtiles) character file.

117411 Heedrag the Devastator (level 16, -8/108 HPs)
             Began as a Deep Elf Conjurer on Aug 5, 2016.
             Was a High Priest of Vehumet.
             Killed from afar by a merfolk aquamancer (24 damage)
             ... with a ball of steam
             ... on level 1 of the Shoals on Aug 6, 2016.
             The game lasted 02:25:26 (41184 turns).

Heedrag the Devastator (Deep Elf Conjurer)         Turns: 41184, Time: 02:25:27

Health: -8/108     AC: 12    Str:  8    XL:     16   Next: 23%
Magic:  37/37      EV: 17    Int: 25    God:    Vehumet [*****.]
Gold:   2631       SH: 13    Dex: 18    Spells: 7 memorised, 20 levels left

rFire  . . .     SeeInvis +     X - +2 falchion (elec)
rCold  . . .     Gourm    +     L - +0 troll leather armour
rNeg   . . .     Faith    .     E - +0 large shield
rPois  +         Spirit   .     x - +0 helmet {SInv}
rElec  .         Dismiss  .     v - +1 cloak
rCorr  .         Reflect  .     W - +1 pair of gloves
SustAt .         Harm     .     z - +0 pair of boots
MR     +....                    C - amulet of the gourmand
Stlth  ++........               f - +5 ring of dexterity
                                b - ring of wizardry

@: somewhat resistant to hostile enchantments, unstealthy
A: hooves 1, icy blue scales 1, rugged brown scales 1, blurry vision 1, clumsy
1, poison resistance, robust 1
a: Renounce Religion


You were on level 1 of the Shoals.
You worshipped Vehumet.
Vehumet was extremely pleased with you.
You were very full.

You visited 5 branches of the dungeon, and saw 27 of its levels.
You also visited: Ossuary, Bailey and Ice Cave.

You collected 2631 gold pieces.

Inventory:

Hand Weapons
 s - the +1 quarterstaff of Fatigue {holy, rElec}
   (You found it on level 5 of the Lair of Beasts)

   It has been blessed by the Shining One to cause great damage to the undead
   and demons.
   It insulates you from electricity.
 X - a +2 falchion of electrocution (weapon)
Armour
 v - a +1 cloak (worn)
 x - a +0 helmet of see invisible (worn)
 z - a +0 pair of boots (worn)
 E - a +0 large shield (worn)
 J - a +2 robe of positive energy
 L - a +0 troll leather armour (worn)
 M - a +2 robe of cold resistance
 U - a +2 robe of fire resistance
 W - a +1 pair of gloves (worn)
Jewellery
 a - an uncursed ring of positive energy
 b - a ring of wizardry (left hand)
 f - a +5 ring of dexterity (right hand)
 k - an uncursed amulet of dismissal
 C - an amulet of the gourmand (around neck)
 Z - an uncursed ring of protection from cold
Wands
 K - a wand of digging (14/24)
 P - a wand of heal wounds (2/9)
 V - a wand of iceblast (7/15)
Scrolls
 d - 7 scrolls of magic mapping
 e - 29 scrolls of identify
 l - 4 scrolls of recharging
 m - 10 scrolls of teleportation
 o - 7 scrolls of fear
 q - 16 scrolls of remove curse
 R - 5 scrolls of blinking
 Y - 2 scrolls of fog
Potions
 j - 11 potions of curing
 n - 6 potions of heal wounds
 w - a potion of cancellation
 A - 2 potions of flight
 B - a potion of magic
 H - 3 potions of brilliance
Books
 I - a book of Ice

   Spells                             Type                      Level
   a - Ice Form                       Ice/Transmutation            4
   b - Metabolic Englaciation         Hexes/Ice                    5
   c - Ozocubu's Refrigeration        Ice                          6
   d - Bolt of Cold                   Conjuration/Ice              6
   e - Freezing Cloud                 Conjuration/Ice/Air          6
   f - Simulacrum                     Ice/Necromancy               6
Comestibles
 c - 12 bread rations
 g - 3 slices of pizza
 p - 29 fruits
 F - 6 beef jerkies
 N - 16 meat rations
 T - 9 royal jellies


   Skills:
 * Level 9.5 Fighting
 - Level 0.2 Armour
 + Level 12.3 Dodging
 - Level 2.4 Stealth
 + Level 5.7 Shields
 + Level 15.0 Spellcasting
 * Level 17.9 Conjurations
 - Level 10.6 Charms
 + Level 10.3 Fire Magic
 + Level 4.9 Earth Magic
 - Level 5.5 Evocations


You had 20 spell levels left.
You knew the following spells:

 Your Spells              Type           Power        Failure   Level  Hunger
a - Magic Dart            Conj           ####         1%          1    None
b - Dazzling Spray        Conj/Hex       ######       1%          3    None
c - Iskenderun's Mystic   Conj           #######.     1%          4    None
d - Iskenderun's Battles  Conj/Chrm      ######..     1%          5    ##.....
e - Flame Tongue          Conj/Fire      #####        1%          1    None
f - Iron Shot             Conj/Erth      ######....   14%         6    ####...
g - Fireball              Conj/Fire      ######....   1%          5    ##.....


Dungeon Overview and Level Annotations

Branches:
Dungeon (15/15)            Temple (1/1) D:5            Lair (8/8) D:10
 Shoals (1/4) Lair:3       Spider (0/4) Lair:5        Slime (0/6) Lair:7
    Orc (2/2) D:10            Elf (0/3) Orc:2        Vaults (0/5) D:13
 Depths (0/5) D:15

Altars:
Ashenzari
Cheibriados
Dithmenos
Elyvilon
Fedhas
Gozag
Kikubaaqudgha
Makhleb
Nemelex Xobeh
Okawaru
Pakellas
Qazlal
Ru
Sif Muna
Trog
Vehumet
Xom
Yredelemnul
Zin
The Shining One
Jiyva

Shops:
D:13 %

Annotations:
Orc:2 Saint Roka


Innate Abilities, Weirdness & Mutations

You have large cloven feet.
You are partially covered in icy blue scales (AC +1).
You are partially covered in rugged brown scales (AC +1, +3% HP).
Scrolls take you a little longer to read.
You are clumsy. (Dex -2)
Your system is resistant to poisons.
You are robust (+10% HP).


Message History

Tha shard o' ice hits ye!
Tha merfolk aquamancer points at ye an' mumbles some strange words.
Tha great wave o' water hits ye!
* * * LOW HITPOINT WARNIN'
* * * Ye be knocked back by tha great wave o' water.
Splash!
Ye fall inta tha shallow water.
Movin' in 'tis stuff be goin' ta be slow.
Tha wave splashes down.
Tha merfolk aquamancer completely misses ye.
Tha merfolk hits ye from afar wit' a trident.
* * * LOW HITPOINT WARNIN'
* * * Ye hear a shout!
Unknown command.
Tha merfolk aquamancer completely misses ye.
A merfolk comes inta view.
It be wieldin' a trident.
Ye found a teleport trap!
Tha merfolk aquamancer gestures at ye while chantin'.
Tha ball o' steam hits ye!
Ye die...

≈≈≈≈....≈≈≈≈≈≈m≈≈
.≈≈≈≈...[≈≈≈≈≈≈≈.≈
.≈≈≈≈.....≈≈≈≈≈..≈
≈.......!.≈≈≈.....
≈.∩....P...≈......
≈...P...≈≈≈≈......
......P.≈mm≈......
.P......§m≈≈......
....$.^@....m.....
≈....PP.##..m.....
≈.≈...P##.........
≈P.P≈## .#.#.....
≈≈≈## § ####... ≈≈
.. #.. .


You could see 4 merfolk aquamancers and a merfolk.

Vanquished Creatures
  Gastronok (Lair:1)
  Nessos (Lair:5)
  The ghost of junkhipster the Basher, a journeyman GrFi of Cheibriados (D:12)
  12 hydras
  Harold (Lair:1)
  5 centaur warriors
  10 death yaks
  2 catoblepae
  2 dancing weapons (D:13)
  A merfolk aquamancer (Lair:3)
  A tengu warrior (D:15)
  Urug (D:11)
  A vampire mage (D:15)
  Nergalle (D:12)
  A fire crab (Lair:7)
  5 skeletal warriors
  A sea snake (Lair:3)
  A golden dragon zombie (D:15)
  3 unseen horrors
  6 hill giants
  Pikel (D:4)
  A wizard (D:15)
  The ghost of MTVSty1e the Ducker, a novice DrTm (D:5)
  11 ugly things
  An orb spider (shapeshifter) (D:14)
  2 necromancers
  3 orc knights (Orc:2)
  A tengu skeleton (D:15)
  2 deep elf magi
  2 griffons (Lair:8)
  2 hornets (Lair:8)
  2 oklob plants
  2 manticores
  A wolf spider (Lair:8)
  3 orc sorcerers
  10 black mambas
  2 cyclopes
  Psyche (D:9)
  A guardian serpent (Lair:8)
  2 ice statues (IceCv)
  A siren (Lair:3)
  6 elephants
  15 spiny frogs
  A spriggan zombie (D:15)
  A torpor snail (Lair:7)
  15 komodo dragons
  3 gargoyles
  3 rime drakes
  A kobold demonologist (D:15)
  9 ice devils (IceCv)
  A merfolk (Lair:3)
  3 trolls
  7 polar bears
  A yaktaur skeleton (D:15)
  4 two-headed ogres
  A harpy skeleton (D:11)
  18 blink frogs
  10 slime creatures
  3 shadows
  A redback (Lair:8)
  14 wyverns
  A wraith (D:15)
  47 yaks
  A steam dragon (D:9)
  6 basilisks
  22 hippogriffs
  4 vampire mosquitoes (D:12)
  3 mottled dragons
  3 hungry ghosts
  Menkaure (Ossuary)
  5 wargs
  A soldier ant (D:14)
  13 porcupines
  19 water moccasins
  23 orc warriors
  A sky beast (D:11)
  4 ice beasts
  4 black bears
  15 ogres
  6 wasps
  The ghost of dearth the Shield-Bearer, an amateur HOFi (D:3)
  2 necrophages (D:7)
  A slave (D:4)
  An eye of draining (D:14)
  16 wolves
  4 boggarts (D:14)
  3 phantoms
  34 centaurs
  14 crocodiles
  4 big kobolds
  19 giant frogs
  A gnoll sergeant (D:9)
  An elf skeleton (D:7)
  An elf zombie (D:7)
  A wyvern skeleton (D:10)
  7 killer bees
  2 scorpions
  7 wights
  A troll skeleton (D:7)
  4 howler monkeys
  A vampire bat (Orc:1)
  2 electric eels
  6 crimson imps
  5 centaur zombies
  A giant frog zombie (D:5)
  3 quasits
  3 draconian simulacra (IceCv)
  11 hounds
  2 human zombies (D:7)
  10 jellies
  14 orc priests
  A giant frog skeleton (D:5)
  A human skeleton (D:7)
  5 centaur skeletons
  Ijyb (D:1)
  12 iguanas
  22 orc wizards
  24 worker ants
  5 troll simulacra (IceCv)
  14 sheep
  A centaur simulacrum (IceCv)
  A hound zombie (D:11)
  A hound skeleton (D:7)
  3 mummies
  17 adders
  12 gnolls
  A naga simulacrum (IceCv)
  44 river rats
  3 shadow imps
  12 oozes (Lair:2)
  An adder skeleton (D:3)
  3 worms
  4 dart slugs
  7 giant geckos
  68 orcs
  2 giant cockroaches
  20 goblins
  13 hobgoblins
  4 jackals
  42 kobolds
  13 quokkas
  A ball python (D:2)
  14 bats
  7 giant newts
  4 gnoll skeletons (Ossuary)
  2 gnoll zombies (Ossuary)
  A goblin skeleton (Ossuary)
  4 goblin zombies (Ossuary)
  A hobgoblin skeleton (Ossuary)
  2 hobgoblin zombies (Ossuary)
  3 kobold skeletons (Ossuary)
  A kobold zombie (Ossuary)
  2 orc skeletons (Ossuary)
  3 orc zombies
  A quokka skeleton (D:6)
  4 quokka zombies
  15 rats (D:1)
  4 rat skeletons (Ossuary)
  2 rat zombies (Ossuary)
  A fungus (Lair:2)
  2 plants
1018 creatures vanquished.

Vanquished Creatures (others)
  A mummy (Ossuary)
  3 orcs (D:4)
  3 gnoll zombies (Ossuary)
  3 goblin skeletons (Ossuary)
  4 goblin zombies (Ossuary)
  2 hobgoblin skeletons (Ossuary)
  A hobgoblin zombie (Ossuary)
  A kobold skeleton (Ossuary)
  3 orc skeletons (Ossuary)
  2 orc zombies (Ossuary)
  A rat skeleton (Ossuary)
  2 rat zombies (Ossuary)
  A bush (Lair:8)
  46 fungi
  51 plants
  A withered plant (D:15)
125 creatures vanquished.

Grand Total: 1143 creatures vanquished

Notes
Turn   | Place    | Note
--------------------------------------------------------------
     0 | D:1      | Heedrag the Deep Elf Conjurer began the quest for the Orb.
     0 | D:1      | Reached XP level 1. HP: 10/10 MP: 6/6
   125 | D:1      | Reached XP level 2. HP: 15/15 MP: 2/8
  1088 | D:2      | Reached skill level 5 in Conjurations
  1126 | D:2      | Reached XP level 3. HP: 19/19 MP: 5/10
  1131 | D:2      | Learned a level 3 spell: Dazzling Spray
  1227 | D:2      | Noticed Ijyb
  2632 | D:2      | Found a deep blue altar of Sif Muna.
  2647 | D:2      | Reached XP level 4. HP: 24/24 MP: 4/12
  2827 | D:3      | Learned a level 4 spell: Iskenderun's Mystic Blast
  2889 | D:3      | Noticed dearth's ghost (amateur HOFi)
  2975 | D:3      | Reached skill level 6 in Conjurations
  2975 | D:3      | Reached XP level 5. HP: 28/28 MP: 8/14
  2988 | D:3      | Reached skill level 5 in Spellcasting
  3060 | D:2      | Learned a level 5 spell: Iskenderun's Battlesphere
  3824 | D:1      | Killed Ijyb
  3978 | D:3      | Reached skill level 1 in Charms
  4179 | D:4      | Noticed Pikel
  4179 | D:4      | Noticed a slave
  4294 | D:4      | Noticed a phantom
  4323 | D:4      | Killed a phantom
  4323 | D:4      | Reached XP level 6. HP: 29/32 MP: 0/16
  4539 | D:4      | Found a sand-covered staircase.
  4556 | Ossuary  | Entered an ossuary
  5244 | Ossuary  | Noticed Menkaure
  5260 | Ossuary  | Killed Menkaure
  5260 | Ossuary  | Reached skill level 7 in Conjurations
  5513 | D:4      | Reached XP level 7. HP: 36/36 MP: 12/18
  5644 | D:4      | Found a stormy altar of Qazlal.
  5644 | D:4      | Found an iron altar of Okawaru.
  5644 | D:4      | Found a shattered altar of Ashenzari.
  5751 | D:4      | Found a glowing golden altar of the Shining One.
  6139 | D:5      | Entered Level 5 of the Dungeon
  6382 | D:5      | Noticed MTVSty1e's ghost (novice DrTm)
  6419 | D:5      | Found a staircase to the Ecumenical Temple.
  6437 | Temple   | Entered the Ecumenical Temple
  6803 | D:5      | Reached skill level 8 in Conjurations
  6957 | D:4      | Killed Pikel
  6957 | D:4      | Reached skill level 9 in Conjurations
  6957 | D:4      | Reached skill level 5 in Charms
  6957 | D:4      | Reached XP level 8. HP: 35/41 MP: 0/21
  8439 | D:6      | Reached skill level 10 in Conjurations
  8620 | D:7      | Found a glowing golden altar of the Shining One.
  8765 | D:7      | Reached XP level 9. HP: 46/46 MP: 14/23
  8912 | D:7      | Reached skill level 1 in Fighting
  8968 | D:7      | Found a basalt altar of Yredelemnul.
  9822 | D:8      | Reached skill level 11 in Conjurations
 11084 | D:3      | Killed dearth's ghost
 11236 | D:3      | Found a faded altar to an unknown god.
 11275 | D:3      | Found a radiant altar of Vehumet.
 11287 | D:3      | Became a worshipper of Vehumet
 11705 | D:5      | Killed MTVSty1e's ghost
 11705 | D:5      | Reached skill level 5 in Dodging
 11705 | D:5      | Reached XP level 10. HP: 32/54 MP: 8/25
 11716 | D:5      | Found an oddly glowing altar of Pakellas.
 12007 | D:9      | Noticed Psyche
 12013 | D:9      | Killed Psyche
 12049 | D:9      | Reached skill level 10 in Spellcasting
 12143 | D:9      | Reached skill level 12 in Conjurations
 12163 | D:9      | Reached * piety under Vehumet
 12163 | D:9      | Offered knowledge of Flame Tongue by Vehumet.
 12166 | D:9      | Learned a level 1 spell: Flame Tongue
 12327 | D:9      | Found a blossoming altar of Fedhas.
 12494 | D:9      | Found an oddly glowing altar of Pakellas.
 12802 | D:9      | Found an iron altar of Okawaru.
 12907 | D:10     | Entered Level 10 of the Dungeon
 12912 | D:10     | Reached skill level 1 in Fire Magic
 13054 | D:10     | Found a staircase to the Orcish Mines.
 13226 | D:10     | Found a staircase to the Lair.
 13231 | D:10     | Offered knowledge of Sandblast by Vehumet.
 13238 | D:10     | Reached ** piety under Vehumet
 13625 | D:10     | Reached XP level 11. HP: 61/61 MP: 22/27
 13748 | D:10     | Reached skill level 10 in Charms
 13776 | Lair:1   | Entered Level 1 of the Lair of Beasts
 13815 | Lair:1   | Noticed Gastronok
 14268 | Lair:1   | Noticed Harold
 14293 | Lair:1   | Killed Harold
 14931 | Lair:1   | Offered knowledge of Throw Frost by Vehumet.
 15103 | Lair:1   | Killed Gastronok
 15103 | Lair:1   | Reached skill level 5 in Fighting
 15103 | Lair:1   | Reached skill level 13 in Conjurations
 15400 | Lair:1   | Gained mutation: You can translocate small distances at will. [potion of mutation]
 15400 | Lair:1   | Gained mutation: You are partially covered in rugged brown scales (AC +1, +3% HP). [potion of mutation]
 15400 | Lair:1   | Gained mutation: You have large cloven feet. [potion of mutation]
 15401 | Lair:1   | Gained mutation: You are clumsy. (Dex -2) [potion of mutation]
 15401 | Lair:1   | Gained mutation: Scrolls take you a little longer to read. [potion of mutation]
 15401 | Lair:1   | Gained mutation: You are robust (+10% HP). [potion of mutation]
 15547 | Lair:1   | Reached *** piety under Vehumet
 15749 | Lair:2   | Noticed an oklob plant
 15822 | Lair:2   | Offered knowledge of Inner Flame by Vehumet.
 15962 | Lair:2   | Reached XP level 12. HP: 71/76 MP: 20/29
 16321 | Lair:2   | Reached skill level 5 in Fire Magic
 16546 | Lair:3   | Noticed an eight-headed hydra
 16550 | Lair:3   | Killed an eight-headed hydra
 16809 | Lair:3   | Noticed a catoblepas
 16813 | Lair:3   | Killed a catoblepas
 16813 | Lair:3   | Reached skill level 14 in Conjurations
 16961 | Lair:3   | Found a staircase to the Shoals.
 16966 | Lair:3   | Reached **** piety under Vehumet
 17333 | Lair:3   | Found a glowing silver altar of Zin.
 17800 | Lair:4   | Noticed a four-headed hydra
 17806 | Lair:4   | Killed a four-headed hydra
 17806 | Lair:4   | Offered knowledge of Sticky Flame by Vehumet.
 17879 | Lair:4   | Reached skill level 1 in Evocations
 18179 | Lair:4   | Noticed a six-headed hydra
 18183 | Lair:4   | Killed a six-headed hydra
 18334 | Lair:4   | Learned a level 4 spell: Sticky Flame
 19180 | Lair:4   | Noticed a five-headed hydra
 19182 | Lair:4   | Killed a five-headed hydra
 19455 | Lair:5   | Got a thick robe
 19458 | Lair:5   | Identified the cursed +0 robe of Ru's Scorn {*Corrode Int+5 Stlth+} (You found it on level 5 of the Lair of Beasts)
 19506 | Lair:5   | Got a transparent quarterstaff
 19513 | Lair:5   | Identified the +1 quarterstaff of Fatigue {holy, rElec} (You found it on level 5 of the Lair of Beasts)
 19580 | Lair:5   | Found a hole to the Spider Nest.
 19653 | Lair:5   | Reached XP level 13. HP: 84/84 MP: 18/31
 19668 | Lair:5   | Noticed Nessos
 19673 | Lair:5   | Killed Nessos
 19673 | Lair:5   | HP: 3/84 [poisoned by Nessos]
 20383 | Lair:6   | Found a frozen archway.
 20392 | Lair:6   | Reached skill level 1 in Shields
 20480 | Lair:6   | Reached skill level 15 in Conjurations
 20596 | IceCv    | Entered an ice cave
 21391 | IceCv    | Reached ***** piety under Vehumet
 21393 | IceCv    | Offered knowledge of Bolt of Magma by Vehumet.
 22606 | Lair:6   | Gained mutation: You are partially covered in rough black scales (AC +4, Dex -1). [potion of mutation]
 22606 | Lair:6   | Gained mutation: Your system is resistant to poisons. [potion of mutation]
 22606 | Lair:6   | Lost mutation: You are partially covered in rough black scales (AC +4, Dex -1). [potion of mutation]
 23688 | D:11     | Noticed Urug
 23696 | D:11     | Killed Urug
 24080 | D:11     | Reached skill level 5 in Evocations
 24205 | D:11     | Reached skill level 10 in Dodging
 24764 | D:12     | Offered knowledge of Poisonous Cloud by Vehumet.
 24859 | D:12     | Found a flagged portal.
 24866 | Bailey   | Entered a bailey
 25938 | D:12     | Reached XP level 14. HP: 92/92 MP: 19/33
 26010 | D:12     | Noticed junkhipster's ghost (journeyman GrFi)
 26598 | D:12     | Gained mutation: Your mind is acute. (Int +2) [mutagenic meat]
 26600 | D:12     | Gained mutation: You are partially covered in icy blue scales (AC +1). [mutagenic meat]
 26876 | D:12     | Noticed Nergalle
 26880 | D:12     | Killed Nergalle
 27021 | D:12     | Lost mutation: Your mind is acute. (Int +2) [mutagenic meat]
 27070 | D:12     | Got an ichor-stained chain mail
 27116 | D:13     | Reached skill level 16 in Conjurations
 27731 | Lair:1   | Identified the +3 chain mail of Articulation {Str+4 Int-3 SInv} (You found it on level 12 of the Dungeon)
 27889 | Lair:7   | Found a staircase to the Slime Pits.
 28615 | Lair:7   | Found a viscous altar of Jiyva.
 29950 | Lair:8   | Entered Level 8 of the Lair of Beasts
 30420 | Lair:8   | Reached ****** piety under Vehumet
 30497 | Lair:8   | Offered knowledge of Iron Shot by Vehumet.
 30930 | Lair:8   | Learned a level 6 spell: Iron Shot
 31164 | Lair:8   | Reached XP level 15. HP: 99/99 MP: 15/35
 31541 | Lair:8   | Reached skill level 1 in Earth Magic
 31767 | Lair:7   | Reached skill level 17 in Conjurations
 33883 | D:11     | Offered knowledge of Fireball by Vehumet.
 34147 | D:13     | Found Xudem's Food Shoppe.
 34327 | D:12     | Reached skill level 5 in Shields
 35041 | D:12     | Killed junkhipster's ghost
 35394 | D:13     | Found a gate to the Vaults.
 35464 | D:13     | Learned a level 5 spell: Fireball
 35876 | D:14     | Lost mutation: You can translocate small distances at will. [mutagenic meat]
 36553 | D:14     | Reached skill level 10 in Fire Magic
 37450 | D:14     | Offered knowledge of Freezing Cloud by Vehumet.
 37677 | D:15     | Entered Level 15 of the Dungeon
 37978 | D:15     | Found a staircase to the Depths.
 38259 | D:15     | Found a bloodstained altar of Trog.
 38848 | D:14     | Reached XP level 16. HP: 108/108 MP: 22/36
 39592 | Lair:1   | Reached skill level 15 in Spellcasting
 39633 | Orc:1    | Entered Level 1 of the Orcish Mines
 39970 | Orc:2    | Entered Level 2 of the Orcish Mines
 40394 | Orc:2    | Found a staircase to the Elven Halls.
 40654 | Orc:2    | Offered knowledge of Orb of Destruction by Vehumet.
 40815 | Orc:2    | Noticed Saint Roka
 40969 | Shoals:1 | Entered Level 1 of the Shoals
 41184 | Shoals:1 | Killed from afar by a merfolk aquamancer

Skill      XL: |  1  2  3  4  5  6  7  8  9 10 11 12 13 14 15 16 |
---------------+-------------------------------------------------+-----
Conjurations   | 5 6 7 9 10 11 12 13 14 15 16 17 | 17.9
Spellcasting   | 4 5 6 7 8 9 10 11 12 13 14 15 | 15.0
Charms         | 2 3 5 7 8 9 10 | 10.6
Dodging        | 5 6 7 9 10 11 12 | 12.3
Fighting       | 2 4 5 6 7 8 9 |  9.5
Fire Magic     | 2 4 6 7 9 10 | 10.3
Evocations     | 3 5 |  5.5
Shields        | 2 4 5 |  5.7
Earth Magic    | 4 |  4.9
Armour         | |  0.2
Stealth        | |  2.4

Action                   |  1- 3 |  4- 6 |  7- 9 | 10-12 | 13-15 | 16-18 || total
-------------------------+-------+-------+-------+-------+-------+-------++-------
Melee: Dagger            |    16 |    14 |       |       |       |       ||    30
       Long sword        |       |       |    14 |       |       |       ||    14
       Scimitar          |       |       |    14 |    24 |       |       ||    38
       Falchion          |       |       |       |    23 |    92 |     5 ||   120
 Cast: Magic Dart        |   152 |   207 |   312 |   467 |   596 |    72 ||  1806
       Iskenderun's Batt |       |       |    37 |    97 |   233 |    30 ||   397
       Dazzling Spray    |       |       |     5 |     1 |       |       ||     6
       Iskenderun's Myst |       |       |     7 |    60 |   526 |    35 ||   628
       Iron Shot         |       |       |       |       |     7 |     4 ||    11
       Fireball          |       |       |       |       |       |    14 ||    14
 Abil: Blink             |       |       |       |     1 |     4 |       ||     5
Evoke: Wand              |       |       |       |     1 |     1 |     1 ||     3
  Use: Scroll            |       |     5 |       |     6 |    15 |     1 ||    27
       Potion            |       |       |       |    14 |     4 |     1 ||    19
 Stab: Invisible         |       |       |     1 |       |       |       ||     1
  Eat: Chunk             |     5 |     6 |    30 |    41 |    89 |    11 ||   182
       Bread ration      |       |     1 |       |       |       |       ||     1
       Meat ration       |       |       |     1 |       |       |       ||     1
Armor: Robe              |    14 |    12 |    37 |    27 |   113 |     3 ||   206
       Troll leather arm |       |       |       |       |       |     3 ||     3
Dodge: Dodged            |    28 |    37 |    79 |   105 |   267 |    28 ||   544
Block: Large shield      |       |       |       |     2 |   339 |    33 ||   374
